 Dungeon Crawl Stone Soup version 0.20-a0-1025-g4706f7e (console) character file.

3254 nht the Martial Artist (level 9, -4/63 (64) HPs)
             Began as a Green Draconian Transmuter on Apr 19, 2017.
             Was a Priest of Ru.
             Slain by a vampire (7 damage)
             ... on level 9 of the Dungeon.
             The game lasted 00:16:55 (6126 turns).

nht the Martial Artist (Green Draconian Transmuter) Turns: 6126, Time: 00:16:56

HP:   -4/63 (64)    AC:  7    Str: 12    XL:     9   Next: 67%
MP:   12/12         EV: 12    Int: 17    God:    Ru [***...]
Gold: 322           SH:  0    Dex: 12    Spells: 4/12 levels left

rFire    . . .     SeeInvis .     - Unarmed
rCold    + . .     Gourm    .   (shield currently unavailable)
rNeg     . . .     Faith    .   (armour unavailable)
rPois    +         Spirit   .   (helmet restricted)
rElec    .         Reflect  .   m - scarf {rC+}
rCorr    .         Harm     .   (gloves currently unavailable)
MR       .....                  (no boots)
Stlth    +.........             (no amulet)
Regen    0.2/turn               (no ring)
MPRegen  0.2/turn               (no ring)

@: exhausted, blade hands (expiring), hasted, drained, very quick
A: breathe noxious fumes, unfitting armour, poison resistance, cold-blooded, no
charms magic, no earth magic, no hexes magic, inexperienced 1, AC +7
a: Breathe Noxious Fumes, End Transformation, Draw Out Power, Renounce Religion


You were on level 9 of the Dungeon.
You worshipped Ru.
Ru was most pleased with you.
You were hungry.
You had blades for hands.
You visited 1 branch of the dungeon, and saw 9 of its levels.

You collected 322 gold pieces.

Inventory:

Hand Weapons
 a - a +1 hunting sling
Missiles
 p - 50 arrows
 r - 40 sling bullets
Armour
 m - a scarf of cold resistance (worn)
Wands
 i - a wand of clouds (1/9)
 v - a wand of random effects (0/48)
Scrolls
 o - 3 scrolls of enchant weapon
 t - a scroll of teleportation
 u - 3 scrolls of remove curse
 x - a scroll of magic mapping
 z - a scroll of identify
Potions
 e - a potion of berserk rage
 j - 3 potions of agility
 l - 3 potions of flight
 n - a potion of ambrosia
 s - a potion of might
 w - a potion of brilliance
Books
 b - a book of Changes

   Spells                             Type                      Level
   a - Beastly Appendage              Transmutation                1
   b - Sticks to Snakes               Transmutation                2
   c - Spider Form                    Transmutation/Poison         3
   d - Ice Form                       Ice/Transmutation            4
   e - Blade Hands                    Transmutation                5
 k - a book of Cantrips

   Spells                             Type                      Level
   a - Confusing Touch                Hexes                        1
   b - Animate Skeleton               Necromancy                   1
   c - Summon Small Mammal            Summoning                    1
   d - Apportation                    Translocation                1
 y - a Necronomicon

   Spells                             Type                      Level
   a - Haunt                          Necromancy/Summoning         7
   b - Borgnjor's Revivification      Necromancy                   8
   c - Death's Door                   Charms/Necromancy            8
   d - Infestation                    Necromancy                   8
   e - Necromutation                  Transmutation/Necromancy     8
Comestibles
 c - 5 bread rations
 d - a chunk of flesh
 h - 6 meat rations
 q - 4 royal jellies
 A - 2 fruits


   Skills:
 - Level 1.1(0.7) Fighting
 - Level 1.7(1.4) Dodging
 * Level 11.8(11.4) Unarmed Combat
 - Level 2.0(1.6) Spellcasting
 + Level 8.2(7.9) Transmutations


You had 4 spell levels left.
You knew the following spells:

 Your Spells              Type           Power        Failure   Level  Hunger
a - Blade Hands           Tmut           ####......   65%         5    ######.
b - Spider Form           Tmut/Pois      ##........   50%         3    ####...


Dungeon Overview and Level Annotations

Branches:
Dungeon (10/15)            Temple (0/1) D:4
   Lair: D:8-11         Orc: D:9-12

Altars:
Ashenzari
Hepliaklqana
Ru
Trog
Xom
Yredelemnul

Annotations:
D:3 relec, Malvoorn's ghost, amateur DsAK


Innate Abilities, Weirdness & Mutations

You can breathe blasts of noxious fumes.
Your lurid green scales are hard. (AC +7)
You cannot fit into any form of body armour.
Your system is resistant to poisons. (rPois)
You are cold-blooded and may be slowed by cold attacks.
You cannot study or cast Charms magic.
You cannot study or cast Earth magic.
You cannot study or cast Hexes magic.
You are somewhat inexperienced. (-2 XL)


Message History

Unknown command.
Unknown command.
Unknown command.
Unknown command.
The necrophage hits you.
You hear some strange, mumbled words.
Something tries to affect you, but you resist.
Okay, then.
You are restored by drawing out deep reserves of power within.
You feel drained.
You hit something but do no damage. Something barely misses you.
Something bites you!
Something draws strength from your injuries!
You feel yourself speed up. Something hits you! Something bites you!
* * * LOW HITPOINT WARNING * * *
Something draws strength from your injuries!
You hit something but do no damage. Something hits you.
* * * LOW HITPOINT WARNING * * *
Something bites you!
You die... █.(.██ █.█.█ .. █.█ ..█ █.█ .. ██>█ . █..█ █n██

█.█ █@█
█....█
........█
.██████.█
..█ .██ .
█.


You could see a necrophage.

Vanquished Creatures
  Pikel (D:7)
  Joseph (D:7)
  Menkaure (D:4)
  3 slaves (D:7)
  4 orc warriors
  4 ice beasts
  A sky beast (D:4)
  A necrophage (D:6)
  2 ogres
  2 centaurs
  A big kobold (D:7)
  2 bullfrogs
  2 scorpions (D:5)
  A water moccasin skeleton (D:4)
  3 howler monkeys (D:7)
  A crimson imp (D:6)
  An orc priest (D:6)
  2 jellies (D:5)
  A centaur skeleton (D:4)
  2 orc wizards
  A bullfrog skeleton (D:5)
  2 gnoll shamans (D:5)
  3 iguanas
  8 worker ants
  A hound skeleton (D:4)
  30 gnolls
  3 adders
  A shadow imp (D:6)
  2 adder skeletons (D:4)
  4 dart slugs
  3 leopard geckos
  19 orcs
  5 bats
  4 giant cockroaches
  7 goblins
  6 hobgoblins
  32 jackals
  13 kobolds
  2 quokkas
  A ball python (D:2)
  5 frilled lizards
  A leopard gecko skeleton (D:4)
  A leopard gecko zombie (D:6)
  4 rats
  A butterfly (D:5)
195 creatures vanquished.

Vanquished Creatures (others)
  A slave (D:7)
  A leopard gecko (D:6)
  A giant cockroach (D:7)
3 creatures vanquished.

Grand Total: 198 creatures vanquished

Notes
Turn   | Place    | Note
-------+----------+-------------------------------------------
     0 | D:1      | nht the Draconian Transmuter began the quest for the Orb.
     0 | D:1      | Reached XP level 1. HP: 16/16 MP: 3/3
   176 | D:1      | Reached XP level 2. HP: 16/23 MP: 5/5
   665 | D:1      | Reached XP level 3. HP: 24/28 MP: 6/6
   813 | D:1      | Reached skill level 4 in Unarmed Combat
  1309 | D:2      | Found a shattered altar of Ashenzari.
  1425 | D:2      | Reached XP level 4. HP: 33/35 MP: 5/7
  1471 | D:2      | Found a hazy altar of Hepliaklqana.
  1545 | D:2      | Found a basalt altar of Yredelemnul.
  1559 | D:2      | Found a sacrificial altar of Ru.
  1569 | D:2      | Became a worshipper of Ru the Awakened
  1728 | D:3      | Noticed Malvoorn's ghost (amateur DsAK)
  2097 | D:3      | Learned a level 3 spell: Spider Form
  2406 | D:4      | Found a staircase to the Ecumenical Temple.
  2410 | D:4      | Noticed an ice beast
  2418 | D:4      | Killed an ice beast
  2418 | D:4      | Reached skill level 5 in Unarmed Combat
  2418 | D:4      | Reached XP level 5. HP: 40/40 MP: 6/8
  2750 | D:4      | Noticed an ice beast
  2771 | D:4      | Killed an ice beast
  2771 | D:4      | Reached skill level 6 in Unarmed Combat
  2771 | D:4      | Reached XP level 6. HP: 33/47 MP: 9/9
  2835 | D:4      | Noticed a sky beast
  2885 | D:4      | Killed a sky beast
  2912 | D:4      | Gained mutation: You are somewhat inexperienced. (-2 XL) [Ru sacrifice]
  2912 | D:4      | Reached XP level 5. HP: 29/40 MP: 8/8
  2912 | D:4      | Reached XP level 4. HP: 29/35 MP: 7/7
  2912 | D:4      | Reached * piety under Ru
  2912 | D:4      | Reached ** piety under Ru
  3019 | D:4      | Noticed Menkaure
  3027 | D:4      | Killed Menkaure
  3027 | D:4      | Reached skill level 7 in Unarmed Combat
  3027 | D:4      | Reached XP level 5. HP: 28/40 MP: 6/8
  3102 | D:4      | Reached XP level 6. HP: 44/47 MP: 7/9
  3260 | D:4      | Learned a level 5 spell: Blade Hands
  3285 | D:5      | Entered Level 5 of the Dungeon
  3324 | D:5      | Reached skill level 5 in Transmutations
  3432 | D:5      | Noticed an ice beast
  3458 | D:5      | Your scales start taking on a lurid green colour.
  3458 | D:5      | Reached XP level 7. HP: 34/52 MP: 0/10
  3458 | D:5      | Gained mutation: Your system is resistant to poisons. (rPois) [Green Draconian growth]
  3465 | D:5      | Reached skill level 8 in Unarmed Combat
  3619 | D:5      | Found a shimmering altar of Xom.
  4343 | D:5      | Reached skill level 9 in Unarmed Combat
  4498 | D:5      | Reached XP level 8. HP: 59/59 MP: 11/11
  4961 | D:6      | Gained mutation: You cannot study or cast Earth magic. [Ru sacrifice]
  4961 | D:6      | Gained mutation: You cannot study or cast Hexes magic. [Ru sacrifice]
  4961 | D:6      | Gained mutation: You cannot study or cast Charms magic. [Ru sacrifice]
  4961 | D:6      | Reached *** piety under Ru
  5019 | D:6      | Reached skill level 10 in Unarmed Combat
  5082 | D:6      | Got an ichor-stained war axe
  5094 | D:6      | Identified the +1 war axe of Walug {freeze, rPois Stlth+} (You found it on level 6 of the Dungeon)
  5104 | D:6      | Found a bloodstained altar of Trog.
  5555 | D:6      | Reached XP level 9. HP: 46/64 MP: 6/12
  5663 | D:7      | Noticed Pikel
  5688 | D:7      | Killed Pikel
  5688 | D:7      | Reached skill level 11 in Unarmed Combat
  5919 | D:7      | Noticed Joseph
  5943 | D:7      | Killed Joseph
  6101 | D:7      | You fall through a shaft for 2 floors!
  6116 | D:10     | Entered Level 10 of the Dungeon
  6126 | D:9      | HP: 3/63 [something (5)]
  6126 | D:9      | Slain by a vampire

Vault maps used:
D:1:      dpeg_arrival_more_subterranean_lakeside_camping
D:2:      nicolae_overflow_quartered_altars, chequers_ecumenical_altar_twisty,
          fountainhead
D:3:      serial_co_window_serial, co_window_paths_a, co_window_paths_b,
          co_window_of_opportunity_a, co_window_paths_b, co_window_paths_a,
          co_window_corner_cb, co_window_cross_4, co_window_paths_c,
          co_window_corner_b, co_window_paths_d, co_window_4corner_a,
          glass_columns_a, glass_columns_c, first_bread, minivault_26,
          fountainhead
D:4:      minmay_temple_entry_glass, uniq_menkaure
D:5:      lemuel_castle_with_subvaults, xom_butterflies
D:6:      trog_butcher_becter
D:7:      vehumet_crystals, serial_shops, nicolae_shop_overgrown_old_shop,
          the_bakery, hangedman_decor_diamond_cutter, uniq_pikel, uniq_joseph
D:9:      nicolae_ashenzari_panopticon

Skill      XL: |  1  2  3  4  5  6  7  8  9 |
---------------+----------------------------+-----
Unarmed Combat | 4 7 6 9 10 11 | 11.8
Transmutations | 3 4 5 6 7 8 |  8.2
Fighting       | |  1.1
Dodging        | |  1.7
Spellcasting   | |  2.0

Action                   |  1- 3 |  4- 6 |  7- 9 || total
-------------------------+-------+-------+-------++-------
Melee: Unarmed           |   180 |   192 |   289 ||   661
       Tailslap          |    12 |    14 |    27 ||    53
       Kick              |     6 |     7 |       ||    13
       Punch             |     2 |     5 |    12 ||    19
       Headbutt          |     5 |     9 |       ||    14
 Fire: Hunting sling     |       |    17 |       ||    17
 Cast: Beastly Appendage |    16 |    15 |       ||    31
       Spider Form       |       |     4 |     3 ||     7
       Blade Hands       |       |       |     8 ||     8
Invok: Sacrifice Experie |       |     1 |       ||     1
       Sacrifice Arcana  |       |       |     1 ||     1
       Draw Out Power    |       |       |     1 ||     1
 Abil: Breathe Noxious F |       |       |    26 ||    26
Evoke: Wand              |       |       |     7 ||     7
  Use: Scroll            |       |    10 |     3 ||    13
       Potion            |       |     6 |     3 ||     9
 Stab: Confused          |       |       |    10 ||    10
       Invisible         |       |       |     2 ||     2
  Eat: Chunk             |     2 |     8 |    14 ||    24
       Fruit             |       |       |     3 ||     3
Armor: Skin              |    49 |    52 |    52 ||   153
Dodge: Dodged            |   121 |   134 |   112 ||   367
